 Dungeon Crawl Stone Soup version 0.23.1 (webtiles) character file.

Game seed: 10086097068779779275

6378 Borgoz the Cutter (level 10, -9/82 (84) HPs)
             Began as a Ghoul Monk on Mar 17, 2019.
             Was a Priest of Ashenzari.
             Mangled by a gargoyle
             ... wielding a +0 flail
              (19 damage)
             ... on level 10 of the Dungeon.
             The game lasted 00:21:50 (7880 turns).

Borgoz the Cutter (Ghoul Monk)                      Turns: 7880, Time: 00:21:52

HP:   -9/82 (84)    AC:  9    Str: 16    XL:     10   Next: 97%
MP:   10/10         EV: 13    Int:  7    God:    Ashenzari [***...]
Gold: 413           SH:  0    Dex: 12    Spells: 9/9 levels left

rFire    . . .     SeeInvis +   a - +2 dagger (venom)
rCold    + . .     Gourm    .   (no shield)
rNeg     + + +     Faith    .   E - +0 scale mail
rPois    ∞         Spirit   .   (no helmet)
rElec    .         Reflect  .   (no cloak)
rCorr    .         Harm     .   t - +0 pair of gloves (curse)
MR       .....                  (no boots)
Stlth    ++........             (no amulet)
HPRegen  0.00/turn              (no ring)
MPRegen  0.12/turn              (no ring)

@: about to teleport, rotting
A: rotting body, claws 1, carnivore, cold resistance 1, negative energy
resistance 3, inhibited regeneration, torment resistance, unbreathing
a: Curse Item, Scrying, Renounce Religion


You were on level 10 of the Dungeon.
You worshipped Ashenzari.
Ashenzari was most pleased with you.
You were not hungry.

You visited 2 branches of the dungeon, and saw 11 of its levels.
You also visited: Bailey.

You collected 413 gold pieces.

Inventory:

Hand Weapons
 a - a +2 dagger of venom (weapon)
 x - a +1 dagger of venom
 D - a +0 dagger of pain
 M - a +1 dagger of chaos
Missiles
 o - 23 tomahawks of returning (quivered)
 p - 55 poisoned needles
 y - 3 tomahawks
Armour
 t - a cursed +0 pair of gloves (worn)
 E - a +0 scale mail (worn)
Magical Staves
 G - an uncursed staff of conjuration
Jewellery
 e - an uncursed amulet of faith
 r - an uncursed ring of stealth
 B - an uncursed amulet of harm
 J - the amulet "Zuwnecka" {Inacc Dex+2 SInv}
   (You found it in a bailey)

   [amulet of inaccuracy]

   It reduces the accuracy of all your attacks.
   It affects your dexterity (+2).
   It lets you see invisible.
Wands
 w - a wand of polymorph (7)
 A - a wand of iceblast (11)
 L - a wand of paralysis (7)
 N - a wand of acid (6)
Scrolls
 d - 4 scrolls of fog {unknown}
 f - 2 scrolls of enchant weapon {unknown}
 h - a scroll of amnesia
 j - 3 scrolls of remove curse
 k - 2 scrolls of immolation {unknown}
 m - a scroll of torment {unknown}
 q - 3 scrolls of magic mapping {unknown}
 u - 2 scrolls of teleportation
 C - a scroll of blinking {unknown}
 F - a scroll of identify
 I - a scroll of acquirement {unknown}
 K - a scroll of enchant armour {unknown}
Potions
 b - 2 potions of might
 g - 2 potions of brilliance
 i - a potion of ambrosia {unknown}
 l - a potion of heal wounds
 n - a potion of flight {unknown}
 s - 5 potions of curing
 v - a potion of magic {unknown}
 z - a potion of resistance
 H - a potion of experience {unknown}
 O - a potion of agility
Comestibles
 c - 17 rations


   Skills:
 + Level 6.9 Fighting
 * Level 7.9 Short Blades
 + Level 2.0 Throwing
 * Level 7.2 Armour
 * Level 7.8 Dodging
 + Level 6.9 Stealth
 + Level 2.1 Evocations


You had 9 spell levels left.
You didn't know any spells.
Your spell library contained the following spells:

 Spells                   Type           Power        Failure   Level  Hunger
 Sticks to Snakes         Tmut           #.......     91%         2    ###....
 Beastly Appendage        Tmut           Unusable     N/A         1    N/A
 Spider Form              Tmut/Pois      Unusable     N/A         3    N/A
 Ice Form                 Ice/Tmut       Unusable     N/A         4    N/A
 Blade Hands              Tmut           Unusable     N/A         5    N/A

Dungeon Overview and Level Annotations

Branches:
Dungeon (10/15)            Temple (1/1) D:4
   Lair: D:8-11         Orc: D:9-12

Altars:
Ashenzari
Cheibriados
Dithmenos
Elyvilon
Fedhas
Gozag
Hepliaklqana
Kikubaaqudgha
Makhleb
Okawaru
Qazlal
Ru
Sif Muna
Trog
Uskayaw
Wu Jian
Xom
Yredelemnul
Zin
The Shining One

Shops:
D:3 *   D:7 =

Annotations:
D:9 1 runed translucent door, adept's ghost, novice DDFi


Innate Abilities, Weirdness & Mutations

Your body is rotting away.
You thrive on raw meat.
You are immune to poison.
You have sharp fingernails.
You are carnivorous and can eat meat at any time.
Your flesh is cold resistant. (rC+)
You are immune to negative energy. (rN+++)
You do not regenerate when monsters are visible.
You are immune to unholy pain and torment.
You can survive without breathing.


Message History

The stone arrow hits you!!
You barely miss the gargoyle.
The gargoyle is severely damaged.
You barely miss the ogre. The gargoyle hits you with a +0 flail!
* * * LOW HITPOINT WARNING * * *
The ogre misses you.
You hit the ogre.
The ogre is lightly wounded.
Okay, then.
Found a scroll labeled VYAREFANK JIWI.
A killer bee comes into view.
The killer bee buzzes angrily.
You hear an angry hiss.
A killer bee comes into view.
A water moccasin comes into view.
As you read the scroll of teleportation, it crumbles to dust.
You feel strangely unstable.
A killer bee comes into view.
The ogre hits you with a +0 giant club!
* * * LOW HITPOINT WARNING * * *
The gargoyle hits you with a +0 flail!!
You die...

* #........... ,**
#........... ,*
##........... *
#............
##........... ,
##..........,
#.***##......... *
##...###O........
.......@9........
* ,
,.................
.................
,
,.?..y..##........
, , , .......
......... *
.S..### ......###
* ..y. **#...## *
,, ... * * ....,
*, ,


You could see a water moccasin (wandering), a gargoyle, an ogre and 2 killer
bees.

Vanquished Creatures
  An orc warlord (Bailey)
  Pikel (D:7)
  Psyche (D:8)
  A troll (D:7)
  A human (D:7)
  4 hogs (D:7)
  A wyvern (D:8)
  A water moccasin (D:7)
  4 slaves (D:7)
  A phantom (D:8)
  An ice beast (D:8)
  A black bear (D:8)
  3 orc warriors
  6 sky beasts
  7 ogres
  A necrophage (D:7)
  2 centaurs
  3 bullfrogs
  A scorpion (D:5)
  6 killer bees (D:8)
  4 crimson imps
  2 centaur zombies
  2 orc priests
  2 orc wizards (D:6)
  3 hounds
  3 iguanas
  2 worker ants (D:4)
  A hound skeleton (D:5)
  5 gnolls (Bailey)
  13 adders
  A shadow imp (D:8)
  A worm (D:3)
  3 dart slugs
  7 leopard geckos
  15 orcs
  6 giant cockroaches
  14 goblins
  10 hobgoblins
  3 jackals (D:1)
  21 kobolds
  4 quokkas
  11 bats
  3 frilled lizards
  A jackal zombie (D:6)
  A leopard gecko skeleton (D:4)
  A leopard gecko zombie (D:8)
  8 rats
194 creatures vanquished.

Vanquished Creatures (others)
  A withered plant (D:9)
1 creature vanquished.

Grand Total: 195 creatures vanquished

Notes
Turn   | Place    | Note
-------+----------+-------------------------------------------
     0 | D:1      | Borgoz the Ghoul Monk began the quest for the Orb.
     0 | D:1      | Reached XP level 1. HP: 19/19 MP: 0/0
    39 | D:1      | Reached XP level 2. HP: 26/26 MP: 1/1
   351 | D:1      | Reached XP level 3. HP: 30/31 MP: 2/2
   382 | D:1      | Reached skill level 1 in Armour
   691 | D:2      | Reached XP level 4. HP: 30/38 MP: 3/3
  1351 | D:3      | Reached XP level 5. HP: 41/46 MP: 4/4
  1361 | D:3      | Found an opulent altar of Gozag.
  1361 | D:3      | Found Gozag's Platinum Reserve.
  1378 | D:3      | Noticed a +0 hand axe
  1378 | D:3      | Noticed a +0 hand axe
  1379 | D:3      | Found a hide-covered altar of Uskayaw.
  2172 | D:4      | Found a staircase to the Ecumenical Temple.
  2181 | D:4      | Reached XP level 6. HP: 47/52 MP: 5/5
  2187 | Temple   | Entered the Ecumenical Temple
  2376 | Temple   | Became a worshipper of Ashenzari the Shackled
  2376 | Temple   | Reached * piety under Ashenzari
  2376 | Temple   | Reached ** piety under Ashenzari
  2665 | D:5      | Entered Level 5 of the Dungeon
  2749 | D:5      | Found a blossoming altar of Fedhas.
  2955 | D:5      | Reached XP level 7. HP: 32/59 MP: 6/6
  3782 | D:6      | Reached XP level 8. HP: 55/67 MP: 7/7
  4301 | D:7      | Reached skill level 5 in Short Blades
  4301 | D:7      | Reached skill level 5 in Dodging
  4319 | D:7      | Noticed a troll
  4325 | D:7      | Found Suotim's Jewellery Shoppe.
  4346 | D:7      | Killed a troll
  4346 | D:7      | Reached skill level 5 in Fighting
  4452 | D:7      | Found a flagged portal.
  4489 | Bailey   | Entered a bailey
  4506 | Bailey   | Noticed an orc warlord
  4507 | Bailey   | Identified the amulet "Zuwnecka" {Inacc Dex+2 SInv}
  4694 | Bailey   | Found a runed translucent gate.
  4696 | Bailey   | Found a runed translucent gate.
  4697 | Bailey   | Found a runed translucent gate.
  4866 | Bailey   | Killed an orc warlord
  4866 | Bailey   | Reached skill level 5 in Armour
  4866 | Bailey   | Reached skill level 5 in Stealth
  4866 | Bailey   | Reached XP level 9. HP: 59/75 MP: 8/8
  5055 | D:7      | Noticed Pikel
  5340 | D:7      | Killed Pikel
  5340 | D:7      | Reached XP level 10. HP: 44/83 MP: 9/9
  5493 | D:7      | Found an iron altar of Okawaru.
  5583 | D:7      | Found a hazy altar of Hepliaklqana.
  5583 | D:7      | Reached *** piety under Ashenzari
  6105 | D:8      | Reached skill level 1 in Throwing
  6105 | D:8      | Reached skill level 1 in Evocations
  6135 | D:8      | Found a stormy altar of Qazlal.
  6161 | D:8      | Noticed Psyche
  6186 | D:8      | Killed Psyche
  7448 | D:9      | Found a runed translucent door.
  7448 | D:9      | Noticed adept's ghost (novice DDFi)
  7500 | D:9      | Noticed a green ugly thing
  7500 | D:9      | Identified the ring "Yvaoxtur" {rF+ rC- rN++ Dex+3 Slay+2}
  7500 | D:9      | Noticed a centaur warrior
  7538 | D:10     | Entered Level 10 of the Dungeon
  7867 | D:10     | Noticed a gargoyle
  7880 | D:10     | Mangled by a gargoyle

Skill      XL: |  1  2  3  4  5  6  7  8  9 10 |
---------------+-------------------------------+-----
Dodging        | 3 4 6 7 |  7.8
Short Blades   | 3 4 6 7 |  7.9
Armour         | 1 2 3 5 6 7 |  7.2
Stealth        | 3 4 5 6 |  6.9
Fighting       | 4 5 6 |  6.9
Throwing       | 2 |  2.0
Evocations     | 2 |  2.1

Action                   |  1- 3 |  4- 6 |  7- 9 | 10-12 || total
-------------------------+-------+-------+-------+-------++-------
Melee: Short sword       |    16 |       |       |       ||    16
       Dagger            |    59 |   194 |   311 |   423 ||   987
Throw: Tomahawk          |       |       |    18 |       ||    18
Invok: Curse Item        |       |     1 |       |       ||     1
Evoke: Wand              |       |       |       |     1 ||     1
  Use: Scroll            |     2 |     6 |     2 |     2 ||    12
       Potion            |       |       |     6 |     3 ||     9
 Stab: Sleeping          |     4 |     2 |     2 |       ||     8
       Invisible         |       |       |       |     1 ||     1
  Eat: Chunk             |     4 |    15 |    35 |    22 ||    76
Armor: Robe              |    12 |       |       |       ||    12
       Ring mail         |     4 |    54 |    23 |       ||    81
       Scale mail        |       |       |    69 |    92 ||   161
Dodge: Dodged            |    64 |   123 |   197 |   173 ||   557
